Map: Dead of Night

Players

Yuriprime

  • Race: Zerg Zerg
  • Spawn Location: 0:00

LilArrin

  • Race: Terran Terran
  • Spawn Location: 0:00

VOD

Have the link to the VOD?

Description

Time

  • Played on: Jan. 18, 2018, 9:13 p.m.
  • Length: 11:08
Show
View Real Time Build Order
Export as new Build Order

Yuriprime Zerg 

Build Orders:  

Get SALT Encoding   

  12  0:03  Drone  
  13  0:18  Overlord  
  13  0:26  Drone  
  14  0:43  Drone  
  14  0:45  Drone  
  14  0:47  Drone  
  17  1:18  Hatchery  
  16  1:22  Drone  
  16  1:23  Drone  
  18  1:31  Drone  
  19  1:46  Drone  
  20  1:53  Extractor  
  20  1:57  Spawning Pool  
  18  2:01  Drone  
  19  2:16  Drone  
  19  2:19  Drone  
  21  2:27  Queen  
  23  2:31  Drone  
  23  2:34  Drone  
  25  2:46  Overlord  
  25  2:50  Drone  
  25  2:54  Extractor  
  25  3:02  Drone  
  25  3:06  Drone  
  25  3:09  Evolution Chamber  
  26  3:24  Lair  
  26  3:29  Drone  
  27  3:30  Drone  
  27  3:38  Evolution Chamber  
  27  3:42  Drone  
  27  3:43  Drone  
  27  3:45  Metabolic Boost  
  29  3:53  Heroic Fortitude  
  29  3:56  Drone x2  
  31  4:02  Drone  
  31  4:04  Drone  
  33  4:15  Overlord  
  33  4:16  Drone  
  34  4:27  Hardened Carapace  
  34  4:28  Chain Reaction  
  34  4:29  Zerg Melee Weapons Level 1  
  34  4:39  Drone  
  35  4:40  Drone x4  
  39  4:55  Hive  
  39  5:15  Overlord  
  39  5:16  Zergling x2  
  40  5:23  Zergling x2  
  40  5:24  Zergling x6  
  44  5:30  Overlord x2  
  44  5:44  Overlord  
  44  5:49  Zerg Melee Weapons Level 2  
  44  6:02  Adrenal Overload  
  44  6:03  Ability Efficiency  
  44  6:26  Shredding Claws  
  44  6:45  Zergling x4  
  44  6:46  Zergling x18  
  55  7:06  Overlord, Zergling x2  
  55  7:07  Zergling x2  
  57  7:21  Overlord, Zergling x2  
  57  7:22  Zergling x8  
  57  7:26  Zerg Melee Weapons Level 3, Zergling x7  
  57  7:27  Zergling x22  
  57  7:28  Zergling x7  
  57  7:29  Zergling x17  
  62  7:30  Zergling x11  
  62  7:31  Zergling x8  
  62  7:32  Zergling  
  62  7:33  Zergling x21  
  62  7:34  Zergling x6  
  62  7:35  Zergling x7  
  62  7:36  Zergling x16  
  62  7:37  Zergling x8  
  62  7:39  Zergling x10  
  62  7:40  Zergling x5  
  62  7:42  Zergling  
  62  7:43  Zergling x7  
  62  7:44  Zergling x15  
  62  7:45  Zergling x8  
  62  7:46  Zergling x2  
  62  7:48  Zergling  
  62  7:49  Zergling x24  
  62  7:50  Zergling x5  
  62  7:51  Zergling x10  
  62  7:52  Zergling x2  
  62  7:53  Zergling x16  
  62  7:54  Zergling x17  
  62  7:55  Zergling x13  
  62  7:56  Zergling x3  
  62  7:57  Overlord, Zergling x21  
  62  7:58  Zergling x22  
  62  7:59  Zergling x2  
  69  8:00  Zergling x29  
  69  8:01  Zergling x7  
  69  8:02  Zergling x9  
  69  8:03  Zergling x14  
  69  8:04  Zergling x14  
  69  8:05  Zergling x10  
  69  8:06  Zergling x18  
  69  8:07  Zergling x19  
  69  8:08  Zergling x12  
  69  8:09  Zergling x5  
  69  8:10  Zergling x8  
  69  8:11  Zergling x5  
  69  8:12  Zergling x5  
  69  8:13  Zergling x6  
  69  8:14  Zergling  
  69  8:15  Zergling x24  
  69  8:16  Zergling x21  
  69  8:17  Zergling x12  
  69  8:18  Zergling  
  69  8:19  Zergling x14  
  69  8:20  Zergling x34  
  69  8:21  Zergling x30  
  69  8:22  Zergling x25  
  69  8:23  Zergling x6  
  69  8:24  Zergling x20  
  69  8:25  Zergling x11  
  69  8:26  Zergling x17  
  69  8:27  Zergling x14  
  69  8:28  Zergling x17  
  69  8:29  Zergling x2  
  77  8:30  Zergling x11  
  77  8:31  Zergling x21  
  77  8:32  Zergling x17  
  77  8:33  Zergling x19  
  77  8:34  Zergling x17  
  77  8:35  Zergling x11  
  77  8:36  Zergling x27  
  77  8:37  Zergling x18  
  77  8:38  Zergling x20  
  77  8:39  Zergling x9  
  77  8:40  Zergling x13  
  77  8:41  Zergling x23  
  77  8:42  Zergling x11  
  77  8:43  Zergling x18  
  77  8:44  Zergling x15  
  77  8:45  Zergling x5  
  77  8:46  Zergling x15  
  77  8:47  Zergling x16  
  77  8:48  Zergling x11  
  77  8:49  Zergling x10  
  80  8:50  Zergling x21  
  80  8:51  Zergling x4  
  80  8:54  Zergling  
  80  8:55  Zergling x2  
  80  8:56  Zergling x6  
  80  8:57  Zergling x9  
  80  8:58  Zergling x16  
  80  8:59  Zergling x13  
  84  9:00  Zergling x12  
  84  9:01  Zergling x21  
  84  9:02  Zergling x8  
  84  9:03  Zergling x3  
  84  9:04  Zergling x14  
  84  9:05  Zergling x10  
  84  9:06  Zergling x7  
  84  9:07  Zergling x25  
  84  9:08  Zergling x19  
  84  9:09  Zergling x8  
  79  9:10  Zergling x9  
  79  9:11  Zergling x27  
  79  9:12  Zergling x25  
  79  9:13  Zergling x19  
  79  9:14  Zergling x24  
  79  9:15  Zergling x17  
  79  9:16  Zergling x12  
  79  9:17  Zergling x3  
  79  9:18  Zergling x11  
  79  9:19  Zergling x10  
  81  9:20  Zergling x5  
  81  9:21  Zergling x6  
  81  9:22  Zergling x9  
  81  9:23  Zergling x10  
  81  9:24  Zergling x11  
  81  9:25  Zergling x27  
  81  9:26  Zergling x4  
  81  9:27  Zergling x7  
  81  9:28  Zergling x14  
  81  9:29  Zergling x19  
  81  9:30  Zergling x30  
  81  9:31  Zergling x24  
  81  9:32  Zergling x23  
  81  9:33  Zergling x13  
  81  9:34  Zergling x10  
  81  9:35  Zergling x18  
  81  9:36  Zergling x24  
  81  9:37  Zergling x20  
  81  9:38  Zergling x2  
  81  9:39  Zergling x6  
  86  9:41  Zergling x14  
  86  9:42  Zergling x7  
  86  9:43  Zergling x14  
  86  9:44  Zergling x8  
  86  9:45  Zergling x17  
  86  9:46  Zergling x4  
  86  9:47  Zergling x11  
  86  9:48  Zergling x5  
  86  9:49  Zergling x7  
  89  10:02  Zergling x8  
  89  10:03  Zergling x7  
  89  10:04  Zergling x10  
  89  10:05  Zergling x9  
  89  10:06  Zergling x8  
  89  10:07  Zergling x4  
  89  10:08  Zergling x7  
  89  10:09  Zergling x4  
  62  10:10  Zergling x8  
  90  10:11  Zergling x15  
  90  10:12  Zergling x8  
  90  10:13  Zergling x7  
  90  10:14  Zergling x10  
  90  10:15  Zergling x4  
  90  10:16  Zergling x15  
  90  10:17  Zergling x11  
  90  10:18  Zergling x11  
  90  10:19  Zergling x17  
  63  10:20  Zergling x47  
  91  10:21  Zergling x16  
  91  10:22  Zergling x32  
  91  10:23  Zergling x19  
  91  10:24  Zergling x21  
  91  10:25  Zergling x3  
  91  10:32  Zergling  
  91  10:33  Zergling x4  
  91  10:34  Zergling x2  
Show
View Real Time Build Order
Export as new Build Order

LilArrin Terran 

Build Orders:  

Get SALT Encoding   

  12  0:03  SCV  
  13  0:20  SCV  
  14  0:35  Supply Depot  
  14  0:37  SCV  
  15  0:54  SCV  
  16  1:11  SCV  
  17  1:24  Command Center  
  17  1:28  SCV  
  18  1:45  SCV  
  18  1:47  Barracks  
  19  2:02  SCV  
  20  2:20  Orbital Command  
  20  2:39  Command Center  
  20  2:56  SCV  
  21  3:04  Orbital Command  
  21  3:08  Bunker, Marine  
  21  3:14  SCV  
  21  3:18  Marine  
  23  3:21  Refinery  
  23  3:28  Marine  
  23  3:29  Bunker  
  24  3:32  SCV  
  24  3:39  Refinery, Marine  
  26  3:48  SCV  
  28  3:59  Combat Shields  
  28  4:00  SCV  
  29  4:17  SCV  
  29  4:18  Barracks Tech Lab  
  30  4:21  Orbital Command  
  30  4:23  Barracks  
  30  4:28  SCV  
  31  4:32  Engineering Bay  
  31  4:39  Barracks  
  31  4:43  SCV  
  32  4:50  Marine  
  32  4:54  Marine  
  34  5:00  Marine  
  34  5:01  SCV  
  36  5:10  Marine  
  36  5:12  SCV  
  36  5:14  Barracks Reactor  
  36  5:15  Barracks Reactor  
  36  5:17  SCV  
  39  5:24  Supply Depot  
  39  5:28  SCV  
  40  5:31  Terran Infantry Weapons Level 1  
  40  5:49  SCV  
  41  5:51  Medic  
  43  6:02  Medic  
  43  6:03  Marine x2  
  43  6:04  Marine x2  
  49  6:12  Marine  
  49  6:18  Marine x2  
  50  6:22  Medic  
  50  6:25  Marine x2, SCV  
  50  6:29  Marine x2  
  57  6:32  Medic  
  61  6:41  Marine x3, Supply Depot  
  61  6:42  Medic  
  66  6:54  SCV x2  
  68  7:01  Marine  
  69  7:24  Marine x2, Supply Depot  
  71  7:35  Marine  
  71  7:36  Marine  
  73  7:41  Stabilizer Medpacks  
  73  7:42  Marine x2  
  73  7:43  Medic  
  77  7:51  Marine, Supply Depot  
  77  7:53  Supply Depot, Marine  
  77  7:56  Marine  
  77  7:59  Medic  
  80  8:01  Marine  
  80  8:04  Marine  
  80  8:07  Marine  
  83  8:18  Marine x2  
  80  8:23  Supply Depot  
  80  8:27  Marine  
  83  8:30  Medic, Marine x2  
  83  8:35  Marine  
  83  8:37  Marine  
  88  8:48  Supply Depot  
  88  8:57  Medic, Marine x2  
  88  8:59  Marine  
  93  9:10  Supply Depot  
  93  9:11  Marine x2  
  93  9:12  Marine  
  93  9:19  Marine x2  
  98  9:36  Marine x3  
  98  9:45  Marine  
  98  9:46  Marine x3  
  98  9:47  Marine  
  97  9:55  Marine  
  97  9:56  Marine  
  99  10:00  Marine x2  
  99  10:02  Marine  
  99  10:05  Marine  
  97  10:15  Marine  
  97  10:16  Marine x3  
  95  10:22  Marine  
  95  10:25  Marine  
  95  10:26  Marine  
  96  10:31  Marine x2  
  96  10:37  Marine  
  96  10:38  Marine  
  98  10:41  Marine x2  
  98  10:44  Marine  
Tags
 
Add a new tag
Caveats
  • Supply blocks, unpowered buildings, or Contaminate may cause inaccurate times.
  • Supply counts are checked every 10 seconds.